Map: Altitude LE

Players

ИИ 1 (новичок)

  • Race: Protoss Protoss
  • Spawn Location: 1:00

ЛУКРЕПЧАТЫЙ - Winner!

  • Race: Terran Terran
  • Spawn Location: 7:00

VOD

Have the link to the VOD?

Description

МегаСтрата от Лука РЕпчатого

Time

  • Played on: Feb. 17, 2023, 8:06 a.m.
  • Length: 7:59
Show
View Real Time Build Order
Export as new Build Order

ИИ 1 (новичок) Protoss 

Build Orders:  

Get SALT Encoding   

  12  0:00  Probe  
  13  0:13  Probe  
  14  0:21  Pylon  
  14  0:37  Assimilator  
  14  0:43  Gateway  
  14  0:46  Pylon  
  14  1:14  Assimilator  
  14  1:18  Probe  
  15  1:26  Probe  
  16  1:34  Probe, Cybernetics Core  
  17  1:45  Probe  
  18  1:56  Probe  
  18  2:00  Warp Gate  
  19  2:04  Probe  
  20  2:12  Stalker  
  22  3:50  Stalker  
  22  3:53  Pylon  
  22  3:59  Probe  
  20  4:18  Zealot  
  22  4:47  Stalker  
  24  5:15  Stalker  
  26  5:32  Probe  
  26  5:33  Robotics Facility  
  27  5:44  Probe  
  27  5:49  Pylon  
  28  5:56  Probe  
  29  6:08  Probe  
  29  6:09  Zealot  
  32  6:16  Probe  
  32  6:22  Observer  
  32  6:24  Probe  
  29  6:44  Observer  
  30  7:03  Stalker  
  31  7:19  Probe  
  28  7:27  Probe  
  23  7:31  Stalker  
  23  7:36  Probe  
  18  7:47  Pylon  
Show
View Real Time Build Order
Export as new Build Order

ЛУКРЕПЧАТЫЙ Terran - Winner!

Build Orders: 2 Factory, Mech 

Get SALT Encoding   

  12  0:00  SCV  
  13  0:12  SCV  
  14  0:17  Supply Depot  
  14  0:24  SCV  
  15  0:39  SCV  
  15  0:41  Barracks  
  16  0:44  Refinery  
  16  0:51  SCV  
  17  1:03  SCV  
  18  1:15  SCV  
  19  1:27  Orbital Command  
  19  1:28  Barracks Reactor  
  19  1:42  Command Center  
  19  1:53  SCV, Supply Depot  
  20  2:04  Marine x2  
  20  2:05  SCV  
  23  2:12  Factory  
  23  2:17  SCV  
  23  2:22  Marine x2  
  26  2:29  SCV  
  27  2:30  Refinery  
  27  2:40  Marine x2  
  27  2:41  SCV  
  30  2:53  SCV  
  30  2:54  Orbital Command  
  31  3:06  Hellion x2  
  31  3:07  SCV  
  31  3:12  Factory  
  36  3:13  Barracks Tech Lab  
  36  3:19  SCV  
  37  3:21  SCV  
  37  3:25  Supply Depot  
  38  3:27  Widow Mine  
  38  3:30  Widow Mine  
  38  3:32  SCV  
  43  3:34  SCV  
  44  3:44  SCV  
  44  3:47  SCV  
  44  3:48  Supply Depot  
  46  3:49  Hellion  
  46  3:52  Hellion  
  50  3:56  SCV  
  50  3:59  SCV  
  52  4:07  Supply Depot  
  52  4:08  SCV, Factory  
  56  4:10  Cyclone  
  56  4:12  Hellion  
  56  4:15  Hellion  
  56  4:16  SCV  
  61  4:21  Supply Depot  
  61  4:22  Barracks Tech Lab  
  61  4:25  SCV, Refinery  
  61  4:30  SCV  
  63  4:33  Widow Mine  
  63  4:37  SCV, Widow Mine  
  68  4:41  Supply Depot  
  68  4:42  SCV  
  68  4:45  Siege Tank  
  72  4:49  SCV  
  73  4:54  SCV  
  73  4:55  Hellion  
  78  5:03  SCV, Cyclone  
  78  5:04  Supply Depot  
  78  5:06  Factory  
  82  5:10  SCV  
  83  5:14  Hellion  
  83  5:16  Hellion  
  83  5:18  SCV  
  86  5:22  Barracks Reactor  
  86  5:24  Mag-Field Accelerator  
  86  5:26  Cyclone  
  89  5:29  Supply Depot  
  89  5:32  Supply Depot  
  89  5:35  Hellion  
  90  5:36  Infernal Pre-Igniter  
  90  5:37  Hellion  
  87  5:45  Hellion  
  87  5:49  Supply Depot  
  89  5:52  Supply Depot  
  89  5:54  Supply Depot  
  89  5:57  Hellion  
  91  5:59  Hellion  
  91  6:03  Hellion, Armory  
  91  6:04  Hellion  
  97  6:05  Cyclone  
  97  6:09  Supply Depot  
  100  6:15  Cyclone  
  100  6:18  Hellion  
  105  6:20  Hellion  
  105  6:24  Engineering Bay  
  103  6:30  Hellion x2  
  107  6:37  Siege Tank  
  107  6:39  Hellion  
  112  6:42  Hellion  
  114  6:47  Cyclone  
  117  6:58  Refinery  
  117  6:59  Missile Turret  
  117  7:00  Supply Depot  
  117  7:03  Hellion  
  117  7:04  SCV  
  117  7:05  Missile Turret, SCV  
  121  7:10  Command Center  
  121  7:13  Supply Depot  
  121  7:17  SCV  
  121  7:18  Supply Depot  
  121  7:21  Siege Tank  
  125  7:27  SCV  
  125  7:28  Hellion  
  125  7:29  SCV  
  129  7:30  Widow Mine  
  129  7:32  Widow Mine  
  129  7:35  Widow Mine  
  135  7:39  SCV  
Tags
 
Composition
Mech
Matchup
ПvТ
Opening
2 Factory
Spawn Locations
Cross Positions
Add a new tag
Caveats
  • Supply blocks, unpowered buildings, or Contaminate may cause inaccurate times.
  • Supply counts are checked every 10 seconds.